 Dungeon Crawl Stone Soup version 0.28-a0-881-gae16bb6c82 (webtiles) character file.

Game seed: 10581434285332933722

161 Astera the Covert (level 5, 0/24 (26) HPs)
             Began as a Spriggan Brigand on Nov 21, 2021.
             Was a Believer of Lugonu.
             Slain by a wight (2 damage)
             ... on level 4 of the Dungeon.
             The game lasted 00:09:29 (2635 turns).

Astera the Covert (Spriggan Brigand)                Turns: 2635, Time: 00:09:31

HP:   0/24 (26)     AC:  3    Str: 13    XL:     5   Next: 19%
MP:   6/6           EV: 17    Int: 13    God:    Lugonu [**....]
Gold: 103           SH:  0    Dex: 17    Spells: 4/4 levels left

rFire   . . .      SeeInvis +   a - +2 dagger
rCold   . . .      Faith    .   (shield restricted)
rNeg    . . .      Spirit   .   b - +0 robe
rPois   .          Reflect  .   (helmet restricted)
rElec   .          Harm     .   c - +0 cloak
rCorr   .          Rampage  .   (gloves unavailable)
Will    .....                   (boots unavailable)
Stlth   ++++......              (no amulet)
HPRegen 0.08/turn               k - +6 ring of strength
MPRegen 0.10/turn               (no ring)

@: drained, very quick
A: very small, no large weapons, unfitting armour, see invisible, speed 3
a: Renounce Religion, Depart the Abyss, Bend Space


You were on level 4 of the Dungeon.
You worshipped Lugonu.
Lugonu was pleased with you.
You visited 1 branch of the dungeon, and saw 4 of its levels.

You collected 103 gold pieces.

Inventory:

Hand Weapons
 a - a +2 dagger (weapon)
 o - a +0 dagger of protection
Missiles
 d - 35 poisoned darts (quivered)
 e - 2 curare-tipped darts
 m - 4 javelins
Armour
 b - a +0 robe (worn)
 c - a +0 cloak (worn)
Jewellery
 k - a +6 ring of strength (left hand)
Scrolls
 f - 2 scrolls of vulnerability {unknown}
 g - 2 scrolls of blinking {unknown}
 h - 2 scrolls of noise {unknown}
 j - 3 scrolls of identify {unknown}
 n - 2 scrolls of enchant weapon {unknown}
Potions
 i - a potion of cancellation {unknown}
 l - a potion of flight {unknown}


   Skills:
 + Level 1.8 Fighting
 + Level 3.6 Short Blades
 + Level 2.0 Throwing
 + Level 2.1 Dodging
 + Level 8.5 Stealth


You had 4 spell levels left.
You didn't know any spells.
Your spell library contained the following spells:

 Spells                   Type           Power      Damage    Failure   Level
 Inner Flame              Hex/Fire       0%         N/A       67%         3
 Cause Fear               Hex            0%         N/A       97%         4
 Discord                  Hex            0%         N/A       100%        8


Dungeon Overview and Level Annotations

Branches:
Dungeon (4/15)
 Temple: D:4-7

Altars:
Fedhas
Ru
Vehumet
The Shining One
Lugonu

Annotations:
D:2 exclusions: adder and endoplasm, Sigmund


Innate Abilities, Weirdness & Mutations

You are very small and have problems with some larger weapons.
You are too small for most types of armour.
You have supernaturally acute eyesight. (SInv)
You cover ground extremely quickly. (Speed+++)


Message History

The hobgoblin shouts!
A goblin comes into view.
It is wielding a +0 dagger. 2 wights come into view.
A wight is wielding a +4 dagger of freezing.
A dart slug comes into view.
You hit the hobgoblin.
The hobgoblin is moderately wounded.
You hit the hobgoblin.
You kill the hobgoblin!
Lugonu accepts your kill. The wight misses you.
The endoplasm quivers.
The goblin shouts!
You hit the wight but do no damage.
You hear a shout!
The wight barely misses you.
You hit the wight.
The wight is lightly damaged.
You hit the wight but do no damage.
The wight is lightly damaged.
The wight closely misses you.
You hit the wight but do no damage.
The wight is lightly damaged.
The wight hits you with a +4 dagger of freezing!
You feel drained. The wight freezes you.
You barely miss the wight.
The wight is lightly damaged.
The wight misses you.
There is a stone staircase leading down here.
You hit the wight.
The wight is moderately damaged.
The wight completely misses you.
You hit the wight.
The wight is heavily damaged.
The wight hits you with a +4 dagger of freezing!
* * * LOW HITPOINT WARNING * * *
You feel drained.
* * * LOW HITPOINT WARNING * * *
The wight freezes you.
You die...

####...#.####........#
#...#.............#
#...#######.......#
#...##### ##......#
##......# ##....##
#..###.# ####.# #..#
#.# #.# #######.# #.#
..# ### #...o.z.###@#
..# ...# #.#####>.oz.#
.... #..##.# #######
..## #...#.# +##
.###go.# (......#
J..J##.# ...$ #.# ####
#.#


You could see a wight and an orc.

Vanquished Creatures
  Jessica (D:2)
  8 adders
  2 worms
  3 orcs (D:3)
  4 endoplasms
  4 goblins
  8 hobgoblins
  2 jackals (D:3)
  A quokka (D:2)
  A ball python (D:3)
  9 bats
  2 frilled lizards
  5 kobolds
  4 rats
54 creatures vanquished.

Vanquished Creatures (others)
  7 fungi (D:2)
7 creatures vanquished.

Grand Total: 61 creatures vanquished

Notes
Turn   | Place    | Note
-------+----------+-------------------------------------------
     0 | D:1      | Astera the Spriggan Brigand began the quest for the Orb.
     0 | D:1      | Reached XP level 1. HP: 10/10 MP: 2/2
    53 | D:1      | Reached skill level 6 in Stealth
   221 | D:1      | Reached XP level 2. HP: 15/15 MP: 3/3
  1142 | D:2      | Noticed Sigmund
  1183 | D:2      | Found a faded altar of an unknown god.
  1199 | D:2      | Reached XP level 3. HP: 2/18 MP: 4/4
  1347 | D:2      | Prayed at the altar of an unknown god.
  1347 | D:2      | Became a worshipper of Lugonu the Unformed
  1347 | D:2      | Reached * piety under Lugonu
  1347 | D:2      | Reached ** piety under Lugonu
  1427 | D:2      | Reached skill level 7 in Stealth
  1492 | D:2      | Noticed Jessica
  1495 | D:2      | Killed Jessica
  1498 | D:2      | Reached XP level 4. HP: 22/23 MP: 5/5
  1904 | D:3      | Reached skill level 8 in Stealth
  1981 | D:3      | Found a sacrificial altar of Ru.
  1981 | D:3      | Found a radiant altar of Vehumet.
  1983 | D:3      | Found a blossoming altar of Fedhas.
  2059 | D:3      | Reached XP level 5. HP: 14/26 MP: 6/6
  2597 | D:4      | Found a glowing golden altar of the Shining One.
  2635 | D:4      | Slain by a wight

Illustrated notes

Levels and vault maps discovered:
D:1:      lightli_arrival_windingriver, layout_basic, chequers_jeans,
          nicolae_figureground_pulse
D:2:      layout_loops_cross, dreamdust_ecumenical_altar_grove, uniq_jessica,
          uniq_sigmund
D:3:      layout_loops_ring, nicolae_overflow_hidden_temple,
          serial_park_tiny_pond
D:4:      layout_basic, nicolae_elyvilon_peaceful_grove, minmay_ruined_shrine

Skill      XL: |  1  2  3  4 |
---------------+-------------+-----
Stealth        | 6 7 8 |  8.5
Short Blades   | 3 |  3.6
Dodging        | 2 |  2.1
Fighting       | |  1.8
Throwing       | |  2.0

Action                   |  1- 3 |  4- 6 || total
-------------------------+-------+-------++-------
Melee: Dagger            |    73 |    76 ||   149
  Use: Potion            |     1 |       ||     1
 Stab: Sleeping          |    12 |    13 ||    25
       Distracted        |       |     2 ||     2
Armor: Robe              |    10 |     9 ||    19
Dodge: Dodged            |    37 |    42 ||    79

Table legend: (Time is in decaauts)
 A = Elapsed time spent in this place.
 B = Non-inter-level travel time spent in this place.
 C = Inter-level travel time spent in this place.
 D = Time resting spent in this place.
 E = Time spent auto-exploring this place.
 F = Levels seen in this place.
 G = Mean time per level.
                   A        B        C        D        E       F      G
               +--------+--------+--------+--------+--------+-----+--------+
         Total |   1850 |   1816 |     34 |    369 |    603 |   4 |  462.5 |
       Dungeon |   1850 |   1816 |     34 |    369 |    603 |   4 |  462.5 |
               +--------+--------+--------+--------+--------+-----+--------+

Top non-repeatable levels by time:
     D:2: 651 daAuts
     D:3: 595 daAuts
     D:1: 527 daAuts
     D:4: 75 daAuts
